 Dungeon Crawl Stone Soup version 0.19.1-1-g22dce08 (webtiles) character file.

218 Peloso the Skirmisher (level 5, -3/47 HPs)
             Began as a Ghoul Fighter on Jan 3, 2017.
             Was an Initiate of Okawaru.
             Slain by Grinder (5 damage)
             ... on level 4 of the Dungeon.
             The game lasted 00:06:34 (2055 turns).

Peloso the Skirmisher (Ghoul Fighter)               Turns: 2055, Time: 00:06:34

Health: -3/47      AC:  9    Str: 25    XL:     5   Next: 95%
Magic:  13/13      EV:  7    Int:  3    God:    Okawaru [......]
Gold:   157        SH:  9    Dex:  9    Spells: 0 memorised, 4 levels left

rFire  . . .     SeeInvis .     a - +0 long sword
rCold  + . .     Gourm    .     b - +0 scale mail
rNeg   + + +     Faith    .     c - +0 shield
rPois  ∞         Spirit   .     (no helmet)
rElec  .         Reflect  .     m - +0 cloak
rCorr  .         Harm     .     g - +0 pair of gloves
MR     .....                    (no boots)
Stlth  ..........               (no amulet)
                                (no ring)
                                e - ring of magical power

@: mighty, rotting
A: rotting body, claws 1, carnivore 3, cold resistance 1, negative energy
resistance 3, slow regeneration 1, torment resistance, unbreathing
a: Renounce Religion


You were on level 4 of the Dungeon.
You worshipped Okawaru.
Okawaru was noncommittal.
You were not hungry.

You visited 1 branch of the dungeon, and saw 4 of its levels.

You collected 157 gold pieces.

Inventory:

Hand Weapons
 a - a +0 long sword (weapon)
Armour
 b - a +0 scale mail (worn)
 c - a +0 shield (worn)
 g - a +0 pair of gloves (worn)
 m - a +0 cloak (worn)
Jewellery
 e - a ring of magical power (left hand)
Scrolls
 h - 2 scrolls of identify {unknown}
 i - a scroll of enchant armour {unknown}
 j - 2 scrolls of remove curse {unknown}
 o - a scroll of fog {unknown}
 r - a scroll of blinking {unknown}
 t - a scroll of noise {unknown}
 u - a scroll of immolation {unknown}
 v - a scroll of teleportation {unknown}
 x - 3 scrolls of magic mapping {unknown}
Potions
 l - a potion of brilliance {unknown}
 p - a potion of ambrosia {unknown}
 s - a potion of agility {unknown}
 w - a potion of invisibility {unknown}
Comestibles
 f - 2 meat rations
 k - a slice of pizza
 n - a royal jelly


   Skills:
 + Level 4.5 Fighting
 + Level 3.2 Long Blades
 + Level 3.3 Armour
 + Level 0.5 Dodging
 + Level 3.6 Shields


You had 4 spell levels left.
You didn't know any spells.

Dungeon Overview and Level Annotations

Branches:
Dungeon (4/15)
 Temple: D:4-7

Altars:
Cheibriados
Dithmenos
Elyvilon
Okawaru
Sif Muna

Annotations:
D:4 Grinder


Innate Abilities, Weirdness & Mutations

Your body is rotting away.
You thrive on raw meat.
You are immune to poison.
You have sharp fingernails.
You are carnivorous and can eat meat at any time.
Your flesh is cold resistant. (rC+)
You are immune to negative energy. (rN+++)
You regenerate slowly when monsters are visible.
You are immune to unholy pain and torment.
You can survive without breathing.


Message History

You can move again.
Unknown command.
You feel very mighty all of a sudden. Grinder hits you.
* * * LOW HITPOINT WARNING * * *
You closely miss Grinder.
Grinder is heavily wounded.
Grinder gestures at you. You resist with significant effort.
Unknown command.
You slash Grinder!
Grinder is severely wounded.
Grinder hits you.
* * * LOW HITPOINT WARNING * * *
You block Grinder's attack.
Unknown command.
You hit Grinder but do no damage.
Grinder is severely wounded.
Grinder hits you.
You die...

#.# ... .. #.# .#
#.# .# #.# .# #.# .#
#.# .#
####.########.#####.
#...........@5......
#.##.########.......
#.##.# .......
#.##.# ######.
#.##.# #<##.# ######


You could see Grinder.

Vanquished Creatures
  A worker ant (D:3)
  A hound zombie (D:3)
  4 gnolls (D:1)
  A howler monkey skeleton (D:3)
  A worker ant zombie (D:3)
  3 adders (D:3)
  2 oozes
  An adder zombie (D:3)
  An adder skeleton (D:3)
  3 worms
  4 dart slugs
  3 leopard geckos
  2 giant cockroaches (D:1)
  8 goblins
  5 hobgoblins
  7 kobolds
  2 quokkas
  A ball python zombie (D:3)
  7 bats
  4 frilled lizards
  A jackal skeleton (D:3)
  A leopard gecko skeleton (D:3)
  A leopard gecko zombie (D:3)
  8 rats
72 creatures vanquished.

Notes
Turn   | Place    | Note
-------+----------+-------------------------------------------
     0 | D:1      | Peloso the Ghoul Fighter began the quest for the Orb.
     0 | D:1      | Reached XP level 1. HP: 19/19 MP: 0/0
   105 | D:1      | Reached XP level 2. HP: 15/26 MP: 1/1
   343 | D:1      | Reached XP level 3. HP: 12/33 MP: 2/2
   820 | D:1      | Reached skill level 4 in Fighting
   835 | D:1      | Reached XP level 4. HP: 31/39 MP: 3/3
   861 | D:2      | Found a white marble altar of Elyvilon.
   861 | D:2      | Found a snail-covered altar of Cheibriados.
   946 | D:2      | Found an iron altar of Okawaru.
   955 | D:2      | Became a worshipper of Warmaster Okawaru
  1367 | D:3      | Reached XP level 5. HP: 46/46 MP: 4/4
  1550 | D:3      | Found a faded altar of an unknown god.
  1677 | D:3      | Found a shadowy altar of Dithmenos.
  1917 | D:3      | Found a deep blue altar of Sif Muna.
  2007 | D:4      | Noticed Grinder
  2014 | D:4      | Paralysed by Grinder for 7 turns
  2049 | D:4      | Paralysed by Grinder for 3 turns
  2054 | D:4      | HP: 2/47 [Grinder (6)]
  2055 | D:4      | Slain by Grinder

Skill      XL: |  1  2  3  4  5 |
---------------+----------------+-----
Armour         | 3 |  3.3
Long Blades    | 2 3 |  3.2
Fighting       | 4 |  4.5
Shields        | 3 |  3.6
Dodging        | |  0.5

Action                   |  1- 3 |  4- 6 || total
-------------------------+-------+-------++-------
Melee: Long sword        |    71 |   256 ||   327
  Use: Potion            |       |     1 ||     1
  Eat: Chunk             |     5 |     9 ||    14
Armor: Scale mail        |    47 |   150 ||   197
Dodge: Dodged            |    29 |    70 ||    99
Block: Shield            |    31 |   132 ||   163
       Rpst.: Long sword |    11 |    26 ||    37
